[Event "African Online-ch Open 2021"]
[Site "Online"]
[Date "2021.02.01"]
[Round "1.9"]
[White "Silva, David"]
[Black "Kamara, Ansumana"]
[Result "1-0"]
[WhiteElo "2258"]
[BlackElo "1899"]
[PlyCount "43"]
[EventDate "2021.02.01"]
[EventType "swiss"]
[EventCountry "NET"]
[TimeControl "1500+10"]
[WhiteClock "0:24:19"]
[BlackClock "0:18:55"]

1. e4 c5 2. Nf3 d6 3. d4 cxd4 4. Nxd4 Nf6 5. Nc3 a6 6. a3 e5 7. Nf5 d5 8. Bg5 Bxf5 9. Bxf6 gxf6 10. exf5 d4 11. Ne4 Be7 12. Qh5 Qd5 13. Nd2 b5 14. Bd3 Nc6 15. Be4 Qd6 16. O-O O-O 17. a4 Rab8 18. axb5 axb5 19. Ra3 Nb4 20. Rg3+ Kh8 21. Rh3 Rg8 22. Qxh7# 1-0

[Event "African Online-ch Open 2021"]
[Site "Online"]
[Date "2021.02.01"]
[Round "1.10"]
[White "Bongo Akanga Ndjila, Barthelemy"]
[Black "Amdouni, Zoubaier"]
[Result "1/2-1/2"]
[WhiteElo "1803"]
[BlackElo "2229"]
[PlyCount "88"]
[EventDate "2021.02.01"]
[EventType "swiss"]
[EventCountry "NET"]
[TimeControl "1500+10"]
[WhiteClock "0:03:04"]
[BlackClock "0:00:58"]

1. d4 d5 2. Nf3 Nf6 3. Bg5 e6 4. e3 Nbd7 5. Bd3 c6 6. O-O Bd6 7. c4 O-O 8. Qc2 h6 9. Bh4 dxc4 10. Bxc4 e5 11. dxe5 Nxe5 12. Nxe5 Bxe5 13. Rd1 Bxh2+ 14. Kh1 Bd6 15. Bg3 Ne8 16. Qd2 Qf6 17. Bxd6 Nxd6 18. Qxd6 Qh4+ 19. Kg1 Qxc4 20. Nc3 Qe6 21. Qc7 Qg6 22. Rd4 Bh3 23. Qh2 Be6 24. Rad1 c5 25. Rd6 Qg4 26. e4 Rae8 27. f3 Qg5 28. f4 Qg4 29. f5 Bc4 30. f6 Re6 31. fxg7 Kxg7 32. b3 Ba6 33. Rxe6 fxe6 34. Qe5+ Kg8 35. Qxc5 Qg3 36. Qd4 Rf7 37. b4 Rg7 38. Rd2 Bc4 39. e5 b5 40. Ne4 Qe1+ 41. Kh2 Qh4+ 42. Kg1 Qe1+ 43. Kh2 Qh4+ 44. Kg1 Qe1+ {[%emt 0:00:02] #D} 1/2-1/2

[Event "African Online-ch Open 2021"]
[Site "Online"]
[Date "2021.02.01"]
[Round "1.12"]
[White "Singe, Philip Mbawala"]
[Black "Bouzidi, Ahmed"]
[Result "0-1"]
[WhiteElo "1857"]
[BlackElo "2163"]
[PlyCount "52"]
[EventDate "2021.02.01"]
[EventType "swiss"]
[EventCountry "NET"]
[TimeControl "1500+10"]
[WhiteClock "0:13:22"]
[BlackClock "0:18:12"]

1. e4 e5 2. Nf3 Nc6 3. d4 exd4 4. Bc4 Bc5 5. Ng5 Nh6 6. Nxf7 Nxf7 7. Bxf7+ Kxf7 8. Qh5+ g6 9. Qd5+ Kg7 10. Qxc5 d6 11. Qb5 Re8 12. Nd2 d5 13. f3 dxe4 14. Nxe4 Rxe4+ 15. fxe4 Qh4+ 16. Kf1 Be6 17. h3 Rf8+ 18. Kg1 Qf2+ 19. Kh2 Rf3 20. Qb3 Bxb3 21. axb3 Ne5 22. Bg5 Qg3+ 23. Kg1 Qxg5 24. Rxa7 Qe3+ 25. Kh2 Rxh3+ 26. gxh3 Qf2# 0-1

[Event "African Online-ch Open 2021"]
[Site "Online"]
[Date "2021.02.01"]
[Round "1.13"]
[White "Seddaoui, Yamine"]
[Black "Khalema, Sechaba"]
[Result "1-0"]
[WhiteElo "2127"]
[BlackElo "1827"]
[PlyCount "75"]
[EventDate "2021.02.01"]
[EventType "swiss"]
[EventCountry "NET"]
[TimeControl "1500+10"]
[WhiteClock "0:17:32"]
[BlackClock "0:23:46"]

1. e4 e5 2. Nf3 Nc6 3. Bb5 a6 4. Bxc6 dxc6 5. O-O Be6 6. Nxe5 Qd4 7. Nf3 Qxe4 8. Re1 Qg6 9. Nd4 O-O-O 10. Nxe6 fxe6 11. d3 Bd6 12. Qe2 Re8 13. Nc3 Nf6 14. Ne4 Rhf8 15. Nxd6+ cxd6 16. Bf4 e5 17. Bg3 Nd5 18. Qe4 Qxe4 19. dxe4 Nf6 20. Rad1 Re6 21. f3 Nh5 22. Bf2 g5 23. Rd2 Kc7 24. Red1 Rg6 25. h3 c5 26. a3 a5 27. b3 Ra8 28. c3 Ra6 29. b4 axb4 30. axb4 b6 31. bxc5 bxc5 32. Rb2 Rb6 33. Ra2 Rg8 34. Ra7+ Kc6 35. Rxh7 Nf4 36. Kf1 Ra6 37. Rh6 Rd8 38. g3 {[%emt 0:00:08] #r} 1-0

[Event "African Online-ch Open 2021"]
[Site "Online"]
[Date "2021.02.01"]
[Round "1.14"]
[White "Njoroge Martin"]
[Black "Oatlhotse, Providence"]
[Result "0-1"]
[WhiteElo "1965"]
[BlackElo "2190"]
[PlyCount "74"]
[EventDate "2021.02.01"]
[EventType "swiss"]
[EventCountry "NET"]
[TimeControl "1500+10"]
[WhiteClock "0:12:16"]
[BlackClock "0:16:02"]

1. Nf3 c5 2. c4 Nc6 3. Nc3 g6 4. e3 Bg7 5. g3 Nf6 6. Bg2 O-O 7. O-O b6 8. Qe2 Ba6 9. Rb1 Rc8 10. d3 d5 11. Rd1 e6 12. b3 Qd7 13. Bb2 Rfd8 14. Qe1 d4 15. exd4 Nxd4 16. Nxd4 cxd4 17. Ne4 Ne8 18. f4 h6 19. Qd2 Bb7 20. Qf2 Bc6 21. Re1 Nc7 22. h4 Ne8 23. Bf3 Nd6 24. Nxd6 Qxd6 25. Bxc6 Qxc6 26. Re4 Rd7 27. Bxd4 Qxe4 28. Bxg7 Qxd3 29. Qb2 Qxg3+ 30. Kh1 Qxh4+ 31. Kg1 Qg4+ 32. Kh1 Qf3+ 33. Kg1 Qe3+ 34. Kh1 Rd2 35. Qc3 Qe4+ 36. Qf3 Qxf3+ 37. Kg1 Qg2# 0-1

[Event "African Online-ch Open 2021"]
[Site "Online"]
[Date "2021.02.01"]
[Round "1.16"]
[White "Vermaak, Ashley Christopher"]
[Black "Oliveira, Luciano"]
[Result "0-1"]
[WhiteElo "1751"]
[BlackElo "2115"]
[PlyCount "74"]
[EventDate "2021.02.01"]
[EventType "swiss"]
[EventCountry "NET"]
[TimeControl "1500+10"]
[WhiteClock "0:01:19"]
[BlackClock "0:07:24"]

1. d4 d5 2. c4 e6 3. Nf3 Nf6 4. Nc3 Be7 5. Bf4 O-O 6. e3 c6 7. Be2 dxc4 8. a4 Nd5 9. O-O Nxf4 10. exf4 c5 11. d5 exd5 12. Nxd5 Nc6 13. Ne5 Nd4 14. Bxc4 Be6 15. Nxe7+ Qxe7 16. Bxe6 Qxe6 17. Re1 Qf5 18. Rc1 b6 19. Qg4 Qxg4 20. Nxg4 Rfe8 21. Ne3 Re4 22. b4 cxb4 23. Rc4 Rae8 24. Rxb4 Nf3+ 25. gxf3 Rxb4 26. Ra1 Rxf4 27. a5 b5 28. a6 Ra4 29. Rb1 Rb8 30. Nd5 Rxa6 31. Nc7 Rc6 32. Rxb5 Rxb5 33. Nxb5 a5 34. Kf1 Rc5 35. Nd4 a4 36. Ke1 a3 37. Kd2 Rd5 {[%emt 0:00:22] #R} 0-1

[Event "African Online-ch Open 2021"]
[Site "Online"]
[Date "2021.02.01"]
[Round "1.17"]
[White "Paiva, Donaldo"]
[Black "Ebersohn, Raymond Gerhard"]
[Result "1-0"]
[WhiteElo "2230"]
[BlackElo "1726"]
[PlyCount "91"]
[EventDate "2021.02.01"]
[EventType "swiss"]
[EventCountry "NET"]
[TimeControl "1500+10"]
[WhiteClock "0:00:21"]
[BlackClock "0:02:29"]

1. c4 Nf6 2. g3 e6 3. Bg2 d5 4. Nf3 c6 5. Qc2 Nbd7 6. O-O Bd6 7. d4 O-O 8. Nbd2 Qe7 9. e4 dxe4 10. Nxe4 Nxe4 11. Qxe4 Nf6 12. Qe2 h6 13. Bd2 Qc7 14. Rfd1 b6 15. Rac1 c5 16. dxc5 Bxc5 17. Bf4 Qe7 18. a3 a5 19. Ne5 Bb7 20. Nc6 Bxc6 21. Bxc6 Rac8 22. Bf3 Rfd8 23. Be5 Nd7 24. Bc3 e5 25. Bg4 f6 26. Rd5 Rc6 27. Rcd1 Rd6 28. b4 Rxd5 29. Rxd5 axb4 30. axb4 Bd6 31. Qd2 Nf8 32. h4 Bc7 33. h5 Rd6 34. c5 bxc5 35. bxc5 Rc6 36. Bb4 Qf7 37. Bf3 Re6 38. Bd1 Kh8 39. Bb3 Qxh5 40. Rd7 Qf3 41. Bxe6 Nxe6 42. Rxc7 Nd4 43. Qe3 Qg4 44. Rb7 Nf3+ 45. Kf1 Nh2+ 46. Kg2 {[%emt 0:00:04] #r} 1-0

[Event "African Online-ch Open 2021"]
[Site "Online"]
[Date "2021.02.01"]
[Round "1.18"]
[White "Hamzaoui, Khalil"]
[Black "Abdelazeez, Mohamed Abdalla"]
[Result "0-1"]
[WhiteElo "1883"]
[BlackElo "2214"]
[PlyCount "54"]
[EventDate "2021.02.01"]
[EventType "swiss"]
[EventCountry "NET"]
[TimeControl "1500+10"]
[WhiteClock "0:01:13"]
[BlackClock "0:17:20"]

1. g3 d5 2. Bg2 c6 3. Nf3 Nf6 4. O-O Bf5 5. d3 e6 6. c4 h6 7. cxd5 exd5 8. Qb3 Qb6 9. Nc3 Nbd7 10. e4 dxe4 11. dxe4 Be6 12. Qc2 Be7 13. Be3 Qa5 14. Nd4 Bc4 15. Nf5 Bxf1 16. Bxf1 Bf8 17. e5 Ng4 {[%emt 0:01:09] Black stopped clock for 232 seconds. Arbiter stopped clock for 6 seconds.} 18. Re1 Nxe3 19. Rxe3 O-O-O 20. Nb5 Kb8 21. Nbd6 Bxd6 22. Nxd6 Nxe5 23. Ra3 Qd5 24. Ne4 f5 25. Nc5 Nf3+ 26. Rxf3 Qxf3 27. Qb3 Qxb3 {[%emt 0:00:07] #R} 0-1

[Event "African Online-ch Open 2021"]
[Site "Online"]
[Date "2021.02.01"]
[Round "1.19"]
[White "Pascoal, Eduardo A"]
[Black "Likoko, Elvis"]
[Result "1/2-1/2"]
[WhiteElo "2184"]
[BlackElo "1646"]
[PlyCount "71"]
[EventDate "2021.02.01"]
[EventType "swiss"]
[EventCountry "NET"]
[TimeControl "1500+10"]
[WhiteClock "0:01:47"]
[BlackClock "0:13:10"]

1. d4 Nf6 2. Bf4 d6 3. e3 g6 4. h3 Bg7 5. Nf3 O-O 6. c4 c5 7. Nc3 Bf5 8. Be2 Nc6 9. O-O cxd4 10. exd4 Rc8 11. Rc1 Qa5 12. Be3 Ne4 13. Qb3 Nxc3 14. Qxc3 Qxc3 15. Rxc3 e5 16. Rd1 Rfe8 17. Kf1 Be4 18. dxe5 dxe5 19. Nd2 Bf5 20. g4 Be6 21. Ne4 Rcd8 22. Rxd8 Rxd8 23. Bg5 Rd4 24. f3 h6 25. Be3 Rd8 26. Nc5 Bc8 27. Rb3 b6 28. Ne4 f5 29. Nc3 Nd4 30. Bxd4 Rxd4 31. Nb5 Rd7 32. Rd3 e4 33. fxe4 fxe4 34. Rd6 a6 35. Rxd7 Bxd7 36. Nd6 {[%emt 0:00:04] Black offered a draw. #d} 1/2-1/2

[Event "African Online-ch Open 2021"]
[Site "Online"]
[Date "2021.02.01"]
[Round "1.20"]
[White "Monaheng Motlomelo"]
[Black "Simoes, Joao"]
[Result "0-1"]
[WhiteElo "1538"]
[BlackElo "2228"]
[PlyCount "64"]
[EventDate "2021.02.01"]
[EventType "swiss"]
[EventCountry "NET"]
[TimeControl "1500+10"]
[WhiteClock "0:00:42"]
[BlackClock "0:06:49"]

{Clock started by Arbiter.} 1. e4 d5 2. exd5 Qxd5 3. Nf3 Nf6 4. Nc3 Qd8 5. Be2 Bf5 6. a4 e6 7. d3 Nc6 8. Bd2 Bb4 9. O-O h6 10. Na2 Be7 11. Rb1 a6 12. b4 O-O 13. Re1 Rb8 14. Bc3 b5 15. a5 Qd5 16. Ra1 Rfd8 17. Qc1 Qd6 18. Bf1 Nd5 19. Qb2 Nxc3 20. Nxc3 Qxb4 21. Nd1 Qxb2 22. Nxb2 Bf6 23. Rab1 Bc3 24. Rec1 g5 25. Nd1 Bg7 26. Rb3 g4 27. Nd2 Nd4 28. Ra3 b4 29. Ra2 Nb5 30. Nb3 Nc3 31. Nxc3 Bxc3 32. Nc5 Rd6 {[%emt 0:00:45] #T} 0-1

[Event "African Online-ch Open 2021"]
[Site "Online"]
[Date "2021.02.01"]
[Round "1.21"]
[White "Meftahi, Houssem"]
[Black "Simpson, Michael"]
[Result "1-0"]
[ECO "B48"]
[WhiteElo "2132"]
[BlackElo "1513"]
[Annotator "ChessBase"]
[PlyCount "25"]
[EventDate "2021.02.01"]
[EventType "swiss"]
[EventCountry "NET"]
[SourceTitle "playchess.com"]
[Source "ChessBase"]
[SourceQuality "1"]
[TimeControl "1500+10"]

1. e4 c5 2. Nf3 e6 3. d4 cxd4 4. Nxd4 Nc6 5. Nc3 Qc7 6. Be3 a6 7. Qd2 Nf6 8. O-O-O Bb4 9. f3 O-O 10. Qe1 d5 11. Nxc6 Qxc6 12. exd5 Nxd5 13. Nxd5 1-0

[Event "African Online-ch Open 2021"]
[Site "Online"]
[Date "2021.02.01"]
[Round "1.22"]
[White "Libe, Sofonea"]
[Black "Beukes, Dante"]
[Result "0-1"]
[ECO "A36"]
[WhiteElo "1509"]
[BlackElo "2129"]
[Annotator "ChessBase"]
[PlyCount "86"]
[EventDate "2021.02.01"]
[EventType "swiss"]
[EventCountry "NET"]
[SourceTitle "playchess.com"]
[Source "ChessBase"]
[SourceQuality "1"]
[TimeControl "1500+10"]

1. c4 Nf6 2. g3 g6 3. Bg2 Bg7 4. Nc3 O-O 5. e4 d6 6. Nge2 c5 7. O-O Nc6 8. Rb1 Ne8 9. d3 Nc7 10. Be3 Ne6 11. Qd2 Ned4 12. Bh6 Bh3 13. Nxd4 Nxd4 14. f3 Bxg2 15. Kxg2 a6 16. Bxg7 Kxg7 17. Ne2 Nc6 18. a3 a5 19. f4 a4 20. Rf2 Qd7 21. Rbf1 Rab8 22. Nc3 Nd4 23. Qd1 Ra8 24. Nd5 Rae8 25. Nb6 Qc6 26. Nxa4 b5 27. cxb5 Qxb5 28. Nc3 Qc6 29. b4 cxb4 30. Ne2 Nc2 31. Qc1 bxa3 32. Ng1 Rc8 33. Kh3 Qa4 34. Rd2 a2 35. Qb2+ Kg8 36. Ra1 Nxa1 37. Qxa1 Rc2 38. Nf3 Rxd2 39. Nxd2 Qc2 40. Nc4 Qb1 41. Qxb1 axb1=Q 42. e5 Qxd3 43. Nxd6 exd6 0-1

[Event "African Online-ch Open 2021"]
[Site "Online"]
[Date "2021.02.01"]
[Round "2.13"]
[White "Likoko, Elvis"]
[Black "Bongo Akanga Ndjila, Barthelemy"]
[Result "1/2-1/2"]
[ECO "E14"]
[WhiteElo "1646"]
[BlackElo "1803"]
[Annotator "NA RC"]
[PlyCount "147"]
[EventDate "2021.02.01"]
[EventType "swiss"]
[EventCountry "NET"]
[SourceTitle "playchess.com"]
[Source "ChessBase"]
[SourceQuality "1"]
[TimeControl "1500+10"]

1. d4 Nf6 2. c4 b6 3. Nf3 Bb7 4. e3 e6 5. Be2 Bb4+ 6. Nbd2 O-O 7. O-O a5 8. a3 Be7 9. Qc2 d5 10. b3 Nbd7 11. Bb2 Rc8 12. Rac1 c5 13. Qb1 Ne4 14. Rfd1 Ndf6 15. Qa1 Nxd2 16. Nxd2 dxc4 17. dxc5 bxc5 18. Nxc4 Qc7 19. Be5 Qc6 20. Bf3 Qa6 21. Bxb7 Qxb7 22. Nxa5 Qb5 23. Nc4 Qxb3 24. Rc3 Qb7 25. Nd6 Bxd6 26. Bxd6 Ne4 27. Bxf8 Nxc3 28. Qxc3 Kxf8 29. h3 c4 30. Rd4 Qb3 31. Qxb3 cxb3 32. Rb4 Rc1+ 33. Kh2 Rb1 34. a4 b2 35. a5 Ra1 36. Rxb2 Rxa5 37. Rb7 h5 38. Kg3 Rg5+ 39. Kf3 Rf5+ 40. Kg3 h4+ 41. Kxh4 Rxf2 42. Kg3 Rf1 43. Ra7 g6 44. Rb7 Kg7 45. Rb4 Kf8 46. Rb7 Kg7 47. Rb4 e5 48. Rb7 Kh6 49. Re7 f6 50. Re8 Kg5 51. Rb8 Kf5 52. Rb4 g5 53. h4 gxh4+ 54. Rxh4 Ke6 55. e4 Kd6 56. Rh8 $11 Rf4 57. Rh4 Rf1 58. Rh8 Kc5 59. Ra8 Rf4 60. Ra4 f5 61. Ra5+ Kd4 62. exf5 Rxf5 63. Kg4 Rf1 64. Ra4+ Ke3 65. Ra3+ Kd4 66. Ra4+ Kd5 67. Ra5+ Ke6 68. Ra6+ Ke7 69. Ra7+ Kf6 70. Ra6+ Kf7 71. Ra7+ Ke6 72. Ra6+ Kd5 73. Ra5+ Kd4 74. Ra4+ 1/2-1/2

[Event "African Online-ch Open 2021"]
[Site "Online"]
[Date "2021.02.01"]
[Round "2.17"]
[White "Fernandes, Avelino"]
[Black "Vermaak, Ashley Christopher"]
[Result "1/2-1/2"]
[ECO "B13"]
[WhiteElo "1887"]
[BlackElo "1751"]
[Annotator "NA RC"]
[PlyCount "82"]
[EventDate "2021.02.01"]
[EventType "swiss"]
[EventCountry "NET"]
[SourceTitle "playchess.com"]
[Source "ChessBase"]
[SourceQuality "1"]
[TimeControl "1500+10"]

1. f4 d5 2. d4 c5 3. e3 Nc6 4. c3 Nf6 5. Nf3 cxd4 6. exd4 Bg4 7. Bd3 Bxf3 8. Qxf3 e6 9. Nd2 Bd6 10. O-O Qc7 11. Qe3 Qe7 12. Nf3 Ng4 13. Qe2 O-O-O 14. b4 Kb8 15. a4 Rc8 16. Bd2 f5 17. a5 Nf6 18. b5 Nd8 19. Ne5 Ne4 20. Rfc1 Bxe5 21. fxe5 Nxd2 22. Qxd2 g5 23. Ra4 Nf7 24. c4 dxc4 25. Raxc4 Rxc4 26. Rxc4 Rc8 27. Qc3 Qd7 28. Rxc8+ Qxc8 29. Qxc8+ Kxc8 30. g4 Nh6 31. gxf5 Nxf5 32. Bxf5 exf5 33. d5 g4 34. b6 axb6 35. axb6 Kd7 36. Kf2 f4 37. Ke2 h5 38. Kf2 h4 39. e6+ Kd6 40. Kg2 Ke7 41. Kf2 Kd6 1/2-1/2

[Event "African Online-ch Open 2021"]
[Site "Online"]
[Date "2021.02.01"]
[Round "2.21"]
[White "Kamara, Ansumana"]
[Black "Monaheng Motlomelo"]
[Result "1-0"]
[ECO "C87"]
[WhiteElo "1899"]
[BlackElo "1538"]
[Annotator "NA RC"]
[PlyCount "49"]
[EventDate "2021.02.01"]
[EventType "swiss"]
[EventCountry "NET"]
[SourceTitle "playchess.com"]
[Source "ChessBase"]
[SourceQuality "1"]
[TimeControl "1500+10"]

1. e4 e5 2. Nf3 Nc6 3. Bb5 d6 4. O-O Bd7 5. c3 Nf6 6. Re1 Be7 7. d4 exd4 8. cxd4 O-O 9. h3 a6 10. Ba4 h6 11. Nbd2 Rb8 12. Nf1 Re8 13. Ng3 Bf8 14. a3 Ne7 15. Bc2 Ng6 16. Qd3 Bb5 17. Qd1 Bd7 18. Be3 c5 19. dxc5 dxc5 20. Qd3 Bb5 21. Qb3 Qc7 22. Rad1 Bc6 23. Bc1 b5 24. Qc3 Nd7 25. b3 1-0

[Event "African Online-ch Open 2021"]
[Site "Online"]
[Date "2021.02.01"]
[Round "3.18"]
[White "Hamzaoui, Khalil"]
[Black "Fernandes, Avelino"]
[Result "1-0"]
[ECO "A80"]
[WhiteElo "1883"]
[BlackElo "1887"]
[Annotator "NA RC"]
[PlyCount "113"]
[EventDate "2021.02.01"]
[EventType "swiss"]
[EventCountry "NET"]
[SourceTitle "playchess.com"]
[Source "ChessBase"]
[SourceQuality "1"]
[TimeControl "1500+10"]

1. d4 f5 2. Nc3 e6 3. e4 fxe4 4. Nxe4 Nf6 5. Nxf6+ Qxf6 6. Nf3 Nc6 7. Bg5 Qf7 8. Qd2 Bd6 9. O-O-O O-O 10. Kb1 h6 11. Be3 Nb4 12. Ne5 Qf6 13. g4 Nd5 14. g5 hxg5 15. Bxg5 Qxf2 16. Be2 Nf4 {[%emt 0:00:09] [#]} 17. Rde1 $1 c5 18. Rhf1 Qxd4 19. Qxd4 cxd4 20. Bxf4 Rxf4 21. Rxf4 Bxe5 22. Rg4 Bf6 23. h4 (23. Rf1 $5 Kf7 24. Rxd4 $14) 23... d6 24. h5 e5 25. Bc4+ Kh8 26. Rg2 Bd7 27. h6 g5 28. Rf2 Be7 29. Rf7 Re8 30. Bd3 Be6 31. Rh7+ Kg8 32. Rg7+ Kh8 33. Bg6 Bf6 34. Bxe8 Bxg7 35. hxg7+ Kxg7 36. Kc1 Bf5 37. Rf1 Bh3 38. Rf7+ Kh6 39. Rf6+ Kh7 40. Rxd6 Bg2 41. Rg6 Bc6 42. Rxg5 Bxe8 43. Rxe5 Bc6 44. Kd2 Kg6 45. Kd3 Kf6 46. Kxd4 a6 47. Re1 Kf5 48. c3 a5 49. a3 a4 50. Kc5 Kf6 51. Kb6 Kf5 52. c4 Kf6 53. c5 Kf5 54. Re2 Kf6 55. Re3 Kf5 56. Re7 Kf6 57. Rxb7 1-0

[Event "African Online-ch Open 2021"]
[Site "Online"]
[Date "2021.02.01"]
[Round "3.19"]
[White "Mosutha, Thuso"]
[Black "Strovsky, Mikhail"]
[Result "1-0"]
[ECO "C42"]
[WhiteElo "2036"]
[BlackElo "2164"]
[Annotator "RC"]
[PlyCount "91"]
[EventDate "2021.02.01"]
[EventType "swiss"]
[EventCountry "NET"]
[SourceTitle "playchess.com"]
[Source "ChessBase"]
[SourceQuality "1"]
[TimeControl "1500+10"]

1. e4 e5 2. Nf3 Nf6 3. Nc3 Bb4 4. Nxe5 O-O 5. Nf3 Re8 6. e5 d6 7. Bb5 c6 8. Bc4 dxe5 9. O-O h6 10. a3 Ba5 11. h3 Bc7 12. Re1 Nbd7 13. d3 Nb6 14. Bb3 Bf5 15. Nh4 Bh7 16. Qf3 Nbd5 17. Nf5 Bxf5 18. Qxf5 Nxc3 19. bxc3 Qd7 20. Qxd7 Nxd7 21. Be3 Nf6 22. Reb1 b6 23. Ba4 b5 24. Bb3 a6 25. c4 Rab8 26. cxb5 cxb5 27. a4 b4 28. a5 Red8 29. Bc4 Rd6 30. Bc5 Rc6 31. Bxb4 Rc8 32. Bd2 e4 33. Rb7 exd3 34. cxd3 Ne8 35. Bb4 Rb8 36. Rxb8 Bxb8 37. Re1 Nc7 38. g3 Ne6 39. Kg2 Kh7 40. Bd5 Rc2 41. d4 Rb2 42. Bc3 Rb5 43. Bc4 Rg5 44. Bxa6 Nf4+ 45. Kh2 Nd3 46. Bxd3+ 1-0

[Event "African Online-ch Open 2021"]
[Site "Online"]
[Date "2021.02.01"]
[Round "3.20"]
[White "Vermaak, Ashley Christopher"]
[Black "Ebersohn, Raymond Gerhard"]
[Result "1-0"]
[ECO "D97"]
[WhiteElo "1751"]
[BlackElo "1726"]
[Annotator "NA RC"]
[PlyCount "49"]
[EventDate "2021.02.01"]
[EventType "swiss"]
[EventCountry "NET"]
[SourceTitle "playchess.com"]
[Source "ChessBase"]
[SourceQuality "1"]
[TimeControl "1500+10"]

1. d4 Nf6 2. c4 g6 3. Nc3 d5 4. Nf3 Bg7 5. Qb3 dxc4 6. Qxc4 O-O 7. e4 a6 8. Be2 b5 9. Qb3 Bb7 10. e5 Nd5 11. O-O e6 12. Bg5 Qd7 13. a4 Nxc3 14. bxc3 Bd5 15. c4 bxc4 16. Bxc4 Bxf3 17. Qxf3 Nc6 18. Bf6 Nxd4 19. Qd3 a5 20. Rfd1 c5 21. Bb5 Qc7 22. Rac1 Nxb5 23. Qxb5 Rfc8 24. Rd7 Qc6 25. Rd8+ 1-0

[Event "African Online-ch Open 2021"]
[Site "Online"]
[Date "2021.02.01"]
[Round "4.22"]
[White "Fernandes, Avelino"]
[Black "Ebersohn, Raymond Gerhard"]
[Result "1-0"]
[ECO "D00"]
[WhiteElo "1887"]
[BlackElo "1726"]
[Annotator "NA RC"]
[PlyCount "111"]
[EventDate "2021.02.01"]
[EventType "swiss"]
[EventCountry "NET"]
[SourceTitle "playchess.com"]
[Source "ChessBase"]
[SourceQuality "1"]
[TimeControl "1500+10"]

1. d4 Nf6 2. Bf4 d5 3. e3 c5 4. c3 Nc6 5. Bg3 Qb6 6. Qb3 e6 7. Nd2 Bd7 8. Ngf3 Rc8 9. Be2 Be7 10. h3 O-O 11. O-O Na5 12. Qxb6 axb6 13. Ne5 Nc6 14. f4 Rfd8 15. Bh2 g6 16. Bd3 Be8 17. g4 Nd7 18. Rf3 f6 19. Nxc6 bxc6 20. f5 e5 21. Ba6 Rc7 22. dxe5 fxe5 23. e4 Ra7 24. Bf1 Bg5 25. Rf2 Be3 26. Kg2 Bxf2 27. Kxf2 Bf7 28. a3 Re8 29. Rd1 gxf5 30. exf5 e4 31. Ke3 c4 32. Be2 Nc5 33. g5 Nd3 34. Rb1 c5 35. Bg4 Rd7 36. f6 Be6 37. Bh5 d4+ 38. Ke2 Bf7 39. Bxf7+ Kxf7 40. Nxc4 Re6 41. a4 Ra7 42. b3 b5 43. Nd6+ Rxd6 44. Bxd6 bxa4 45. cxd4 cxd4 46. bxa4 Rd7 47. Rb6 Kg6 48. h4 Kh5 49. a5 Kg4 50. a6 Nf4+ 51. Bxf4 Kxf4 52. f7 d3+ 53. Kd1 Rd8 54. Rf6+ Ke3 55. f8=Q Rd5 56. Qb4 1-0

[Event "African Online-ch Open 2021"]
[Site "Online"]
[Date "2021.02.01"]
[Round "5.18"]
[White "Bongo Akanga Ndjila, Barthelemy"]
[Black "Fernandes, Avelino"]
[Result "1/2-1/2"]
[ECO "A91"]
[WhiteElo "1803"]
[BlackElo "1887"]
[Annotator "NA RC"]
[PlyCount "90"]
[EventDate "2021.02.01"]
[EventType "swiss"]
[EventCountry "NET"]
[SourceTitle "playchess.com"]
[Source "ChessBase"]
[SourceQuality "1"]
[TimeControl "1500+10"]

1. d4 e6 2. c4 f5 3. g3 Nf6 4. Bg2 d5 5. Nc3 c6 6. Nh3 Be7 7. b3 O-O 8. O-O Ne4 9. Nxe4 fxe4 10. e3 Nd7 11. Nf4 Nf6 12. Nh5 Bd7 13. Bb2 Qe8 14. Nxf6+ Rxf6 15. f3 exf3 16. Bxf3 Qg6 17. Qe2 Raf8 18. e4 dxe4 19. Bxe4 Rxf1+ 20. Rxf1 Rxf1+ 21. Kxf1 Qf7+ 22. Kg2 Bf6 23. Qd3 g6 24. Bc1 Qe7 25. h4 Be8 26. Be3 Bf7 27. d5 exd5 28. cxd5 cxd5 29. Bxd5 a6 30. Bxf7+ Kxf7 31. Bh6 Ke8 32. Qc4 Kd7 33. Qd5+ Kc8 34. Qg8+ Kd7 35. Kf3 Be5 36. Bg5 Bf6 37. Qd5+ Kc8 $11 38. Qg8+ Kd7 39. Qb8 Kc6 40. Qc8+ Kd5 41. Qc4+ Kd6 42. Qb4+ Ke6 43. Qc4+ Kd7 44. Qd5+ Ke8 45. Qg8+ Kd7 1/2-1/2

[Event "African Online-ch Open 2021"]
[Site "Online"]
[Date "2021.02.01"]
[Round "5.21"]
[White "Singe, Philip Mbawala"]
[Black "Monaheng Motlomelo"]
[Result "1-0"]
[ECO "C50"]
[WhiteElo "1857"]
[BlackElo "1538"]
[Annotator "NA RC"]
[PlyCount "117"]
[EventDate "2021.02.01"]
[EventType "swiss"]
[EventCountry "NET"]
[SourceTitle "playchess.com"]
[Source "ChessBase"]
[SourceQuality "1"]
[TimeControl "1500+10"]

1. e4 e5 2. Nf3 Nc6 3. d4 exd4 4. Bc4 Be7 5. c3 d6 6. cxd4 Nf6 7. Nc3 O-O 8. O-O a6 9. h3 Bd7 10. Re1 b5 11. Bd3 Re8 12. a3 Bf8 13. Bb1 g6 14. Bg5 Be7 15. Ba2 Nh5 16. Bh6 Ng7 17. Nd5 Ne6 18. Nxe7+ Nxe7 19. d5 Kh8 20. dxe6 fxe6 21. Bxe6 $18 Ng8 22. Bxg8 Kxg8 23. Bg5 Qc8 24. Qd4 Be6 25. Bh6 Qd7 26. Ng5 c5 27. Qc3 a5 28. Nxe6 Rxe6 29. Rad1 Qe7 30. f3 b4 31. Qc4 Re8 32. Re2 Kh8 33. Red2 Qh4 34. Be3 Qf6 35. Bf2 Rd8 36. Bg3 Qe7 37. e5 bxa3 38. bxa3 Rxe5 39. Bxe5+ Qxe5 40. Qe4 Qf6 41. Qc6 Qc3 42. Rxd6 Qe3+ 43. Kh1 Rxd6 44. Qxd6 Kg7 45. Qd7+ Kh6 46. Qg4 Qe2 47. Qh4+ Kg7 48. Re1 Qb2 49. Qe7+ Kh6 50. Qf8+ Kh5 51. g4+ Kh4 52. Qh6+ Kg3 53. Rg1+ Kxf3 54. Qf8+ Ke4 55. Qe7+ Kd5 56. Rd1+ Kc4 57. Qe6+ Kb5 58. Qd7+ Kc4 59. Qd3# 1-0

[Event "African Online-ch Open 2021"]
[Site "Online"]
[Date "2021.02.01"]
[Round "6.17"]
[White "Cambando, Jose"]
[Black "Bongo Akanga Ndjila, Barthelemy"]
[Result "1-0"]
[ECO "A11"]
[WhiteElo "2128"]
[BlackElo "1803"]
[Annotator "RC"]
[PlyCount "81"]
[EventDate "2021.02.01"]
[EventType "swiss"]
[EventCountry "NET"]
[SourceTitle "playchess.com"]
[Source "ChessBase"]
[SourceQuality "1"]
[TimeControl "1500+10"]

1. Nf3 d5 2. g3 c6 3. Bg2 Nf6 4. O-O Bf5 5. d3 e6 6. Nbd2 Be7 7. c4 h6 8. h3 O-O 9. a3 a5 10. b3 Bh7 11. Bb2 Nbd7 12. Qc2 a4 13. b4 dxc4 14. Nxc4 Nd5 15. Rac1 Bf6 16. Na5 Bxb2 17. Qxb2 Qb8 18. Rc2 Rc8 19. Rfc1 N7b6 20. e4 Nc7 21. Qd4 Qa7 22. Nxc6 bxc6 23. Rxc6 Rab8 24. R1c5 Bg6 25. Qc3 Nba8 26. Ne5 Kh7 27. d4 Nb5 28. Rxb5 Rxb5 29. Rxc8 Rb7 30. Nxg6 Kxg6 31. e5 Rc7 32. Qd3+ f5 33. exf6+ Kxf6 34. Rxa8 Rc1+ 35. Kh2 Qc7 36. Qf3+ Kg6 37. Qe4+ Kf6 38. Rf8+ Ke7 39. Qa8 Ra1 40. Qe8+ Kd6 41. Rf7 1-0